[Event "Titled Tuesday Blitz May 16 Early 2023"]
[White "Lakshmi C"]
[Black "Domingo Nunez, Alejandro"]
[WhiteFideId "25035347"]
[BlackFideId "22245561"]
[WhiteElo "1942"]
[BlackElo "2291"]
[Result "0-1"]
[Round "01"]
[TimeControl "180+2"]
[Date "2023.05.16"]
[WhiteClock "0:00:00"]
[BlackClock "0:00:52"]

1. e4 g6 2. d4 Bg7 3. c3 c6 4. f4 d5 5. e5 f6 6. Nf3 Nh6 7. Bd3 O-O 8. O-O Bg4 9. Qe1 Bxf3 10. Rxf3 fxe5 11. fxe5 Rxf3 12. gxf3 e6 13. Qg3 Nd7 14. Bg5 Qf8 15. Nd2 Nf5 16. Qh3 c5 17. Bxf5 Qxf5 18. Qxf5 gxf5 19. Nb3 Rc8 20. Rc1 Kf7 21. Kf2 b6 22. Be3 a5 23. a4 c4 24. Nd2 Nf8 25. Nb1 Ng6 26. Na3 Bf8 27. Nb5 Be7 28. Bg5 Bf8 29. Bd2 Rb8 30. Rg1 f4 31. Rg4 Be7 32. Rg2 h5 33. h3 Bh4+ 34. Kf1 Bg3 0-1


[Site "https://www.chess.com"]

[Event "Titled Tuesday Blitz May 16 Early 2023"]
[White "Shevtchenko, Olesya"]
[Black "Srebrnic, Ana"]
[WhiteFideId "24131890"]
[BlackFideId "14603314"]
[WhiteElo "2003"]
[BlackElo "2181"]
[Result "1-0"]
[Round "01"]
[TimeControl "180+2"]
[Date "2023.05.16"]
[WhiteClock "0:01:46"]
[BlackClock "0:00:02"]

1. e4 c5 2. Nf3 e6 3. d4 cxd4 4. Nxd4 a6 5. c4 Nf6 6. Nc3 Qc7 7. a3 b6 8. Be3 Bb7 9. f3 d6 10. Qd2 Be7 11. Qf2 Nbd7 12. Be2 Rc8 13. O-O O-O 14. Rfd1 Ne5 15. b3 Rfd8 16. Rac1 Nfd7 17. f4 Nc6 18. b4 Nxd4 19. Bxd4 e5 20. Be3 Nf6 21. Bd3 Ng4 22. Qg3 Nxe3 23. Qxe3 Bf6 24. f5 h6 25. Rc2 Bg5 26. Qf2 Qe7 27. Qxb6 Rb8 28. Qf2 Rdc8 29. g3 Qd7 30. h4 Bd8 31. Kh2 Ba8 32. Rdc1 Bb6 33. Qe2 Bd4 34. Nd5 Bxd5 35. cxd5 Kf8 36. Rc6 Rxc6 37. dxc6 Qc7 38. Bxa6 Rb6 39. Qc4 Rb8 40. Rc2 Ra8 41. a4 Be3 42. a5 Bd4 43. b5 Bc5 44. b6 Qd8 45. c7 Qd7 46. Bb7 Rxa5 47. c8=Q+ 1-0


[Site "https://www.chess.com"]

[Event "Titled Tuesday Blitz May 16 Early 2023"]
[White "Brown, Raehanna"]
[Black "Tasev, Dejan"]
[WhiteFideId "7402740"]
[BlackFideId "936618"]
[WhiteElo "1655"]
[BlackElo "2244"]
[Result "0-1"]
[Round "01"]
[TimeControl "180+2"]
[Date "2023.05.16"]
[WhiteClock "0:00:09"]
[BlackClock "0:00:18"]

1. c4 Nf6 2. Nc3 g6 3. e4 d6 4. d4 Bg7 5. Be2 O-O 6. Nf3 c5 7. O-O cxd4 8. Nxd4 Nc6 9. Be3 Bd7 10. Qd2 a6 11. Rfd1 Nxd4 12. Bxd4 Bc6 13. f3 Rc8 14. b4 Bd7 15. Rac1 Be6 16. Nd5 Bxd5 17. cxd5 Nd7 18. Be3 h5 19. a4 Ne5 20. a5 Qd7 21. h3 f5 22. f4 Nf7 23. Bd3 Nh6 24. e5 Rxc1 25. Rxc1 Rc8 26. e6 Rxc1+ 27. Qxc1 Qa4 28. Qc8+ Kh7 29. Qxb7 Qd1+ 30. Bf1 Qb3 31. Bf2 Bf6 32. Bxa6 h4 33. Bf1 Ng4 34. hxg4 fxg4 35. a6 g3 36. a7 gxf2+ 37. Kh1 Qd1 38. Qb5 h3 39. a8=Q hxg2+ 40. Kxg2 Qg4+ 41. Kxf2 Bd4+ 42. Ke1 Bc3+ 43. Kf2 Qxf4+ 44. Kg2 Qg4+ 45. Kh1 Qh5+ 46. Kg2 Qg4+ 47. Kh1 Qf3+ 48. Bg2 Qh5+ 49. Kg1 Bd4+ 50. Kf1 Qd1# 0-1


[Site "https://www.chess.com"]

[Event "Titled Tuesday Blitz May 16 Early 2023"]
[White "brm72"]
[Black "dDobravcan"]
[WhiteElo "2559"]
[BlackElo "2117"]
[Result "0-1"]
[Round "01"]
[TimeControl "180+2"]
[Date "2023.05.16"]
[WhiteClock "0:00:00"]
[BlackClock "0:00:10"]

1. e4 d6 2. d4 Nf6 3. Nc3 c6 4. f3 Qb6 5. a4 a5 6. Bc4 e5 7. Nge2 Be7 8. Bb3 O-O 9. Be3 Na6 10. O-O Nb4 11. Qd2 Qc7 12. Kh1 Re8 13. Qe1 Be6 14. Bxe6 Nxc2 15. Bxf7+ Kxf7 16. Qd2 Nxa1 17. Rxa1 Rad8 18. f4 exd4 19. Nxd4 Bf8 20. Qd3 Kg8 21. h3 h6 22. Re1 Qf7 23. Rf1 Qg6 24. f5 Qg3 25. Rf3 Qe1+ 26. Kh2 d5 27. e5 Rxe5 28. Bf4 Ree8 29. Ne6 Rd7 30. Nxf8 Kxf8 31. Rg3 Ne4 32. Nxe4 Qxe4 33. Qa3+ Kf7 34. Qc3 d4 35. Qc4+ Rd5 36. Bd2 Re7 37. f6 gxf6 38. Bxh6 Ke8 39. Qf1 Qf5 40. Rf3 Qe5+ 41. Bf4 Qe6 42. Bg3 f5 43. Qc1 Qe4 44. Qg5 Rf7 45. Qg8+ Rf8 46. Qg6+ Kd7 47. Qg7+ Qe7 48. Qg6 Kc8 49. h4 d3 50. Rf1 d2 51. Rd1 Qe4 52. h5 Rd7 53. h6 Qg4 54. Qxg4 fxg4 0-1


[Site "https://www.chess.com"]

[Event "Titled Tuesday Blitz May 16 Early 2023"]
[White "ritanovikova"]
[Black "Altman, Joshua"]
[BlackFideId "426210"]
[WhiteElo "2115"]
[BlackElo "2028"]
[Result "0-1"]
[Round "01"]
[TimeControl "180+2"]
[Date "2023.05.16"]
[WhiteClock "0:00:00"]
[BlackClock "0:00:14"]

1. e4 e6 2. d4 d5 3. exd5 exd5 4. Bd3 Nc6 5. Nf3 Bd6 6. h3 Nge7 7. O-O Bf5 8. Bxf5 Nxf5 9. Re1+ Nfe7 10. Nc3 a6 11. Nxd5 Bh2+ 12. Kxh2 Qxd5 13. c4 Qxc4 14. d5 O-O-O 15. Ne5 Nxe5 16. Rxe5 Nxd5 17. Qh5 Nf6 18. Qf5+ Kb8 19. Be3 Qd3 20. Qf4 Qd6 21. Bc5 Qd2 22. Be3 Qxb2 23. Rc1 Rc8 24. Rec5 Ne8 25. R5c2 Qf6 26. Qb4 Qd6+ 27. Qxd6 Nxd6 28. Bf4 Rhd8 29. a4 f6 30. Rc5 Rd7 31. Bg3 Ne4 32. R5c4 Nxg3 33. Kxg3 Rd3+ 34. f3 c6 35. h4 Re8 36. h5 Rd2 37. Rg4 Re7 38. h6 gxh6 39. Rc5 Ree2 40. Kh3 Rd1 41. Rg8+ Ka7 42. a5 Rd5 43. Rc4 Rxa5 44. Rf4 Rh5+ 45. Kg3 Rg5+ 46. Rxg5 fxg5 47. Rf6 a5 48. Rxh6 a4 49. Rxh7 a3 50. Rh1 a2 51. Ra1 b5 52. Kh3 b4 53. f4 gxf4 54. Rxa2+ Rxa2 55. Kg4 Rxg2+ 0-1


[Site "https://www.chess.com"]

[Event "Titled Tuesday Blitz May 16 Early 2023"]
[White "koncheto"]
[Black "Sailer, Mike"]
[BlackFideId "2012901"]
[WhiteElo "2552"]
[BlackElo "2109"]
[Result "1-0"]
[Round "01"]
[TimeControl "180+2"]
[Date "2023.05.16"]
[WhiteClock "0:00:03"]
[BlackClock "0:00:00"]

1. e4 d5 2. exd5 Qxd5 3. Nf3 Bg4 4. Be2 Nc6 5. d4 O-O-O 6. c4 Qf5 7. Be3 e5 8. d5 Nf6 9. O-O e4 10. Nd4 Nxd4 11. Bxd4 Bd6 12. Bxg4 Nxg4 13. h3 Ne5 14. Nc3 Rhe8 15. Bxe5 Qxe5 16. g3 f5 17. Kg2 Kb8 18. Re1 g5 19. Qh5 Rg8 20. Rad1 Bc5 21. Rd2 Rde8 22. Rde2 Qd4 23. Qxh7 Qxc4 24. Qxf5 Rgf8 25. Qxg5 e3 26. fxe3 Rg8 27. Qf4 Bd6 28. Qxc4 Rxg3+ 29. Kf2 Rf8+ 30. Qf4 Bxf4 31. exf4 Rxh3 32. Re8+ 1-0


[Site "https://www.chess.com"]

[Event "Titled Tuesday Blitz May 16 Early 2023"]
[White "Suduvasachmatai"]
[Black "Richter, Paul"]
[BlackFideId "2046350"]
[WhiteElo "2109"]
[BlackElo "2551"]
[Result "0-1"]
[Round "01"]
[TimeControl "180+2"]
[Date "2023.05.16"]
[WhiteClock "0:00:57"]
[BlackClock "0:00:21"]

1. e4 c5 2. c3 g6 3. d4 cxd4 4. cxd4 d5 5. exd5 Nf6 6. Nc3 Nxd5 7. Bc4 Nb6 8. Bb3 Bg7 9. Be3 O-O 10. Nge2 Nc6 11. O-O Bg4 12. f3 Bf5 13. d5 Na5 14. Bd4 Nxb3 15. Qxb3 Bd3 16. Bxg7 Kxg7 17. Rad1 Bc4 18. Qc2 Bxd5 19. Nxd5 Nxd5 20. Qe4 Qb6+ 21. Kh1 Ne3 22. Qe5+ Kg8 23. Ng3 Nxf1 24. Rxf1 Qf6 25. Qe3 Qxb2 26. Ne4 Rfe8 27. Re1 Rac8 28. h4 Qe5 29. Qf2 Qf4 30. g3 Qf5 31. Ng5 h6 32. g4 Qc2 33. Qxc2 Rxc2 34. Ne4 Kf8 35. Rb1 b6 36. g5 h5 37. Ra1 Rec8 38. a4 Rc1+ 39. Rxc1 Rxc1+ 40. Kg2 Ra1 41. Nc3 Ra3 42. Nb5 Rxa4 43. Kg3 Ra1 44. Kf4 a5 45. Nc3 a4 46. Nd5 b5 47. Ke5 a3 48. Nb4 Rb1 49. Na2 Rb2 50. Nc3 a2 51. Nxa2 Rxa2 52. Kd4 Rc2 53. f4 Rc8 54. f5 b4 55. fxg6 fxg6 56. Kd3 b3 57. Kd4 b2 58. Ke5 b1=Q 0-1


[Site "https://www.chess.com"]

[Event "Titled Tuesday Blitz May 16 Early 2023"]
[White "Mathieu, Phileas"]
[Black "Necula, Iulian"]
[WhiteFideId "36048410"]
[BlackFideId "1232380"]
[WhiteElo "2241"]
[BlackElo "1790"]
[Result "1-0"]
[Round "01"]
[TimeControl "180+2"]
[Date "2023.05.16"]
[WhiteClock "0:00:51"]
[BlackClock "0:00:12"]

1. e4 d6 2. d4 Nf6 3. Nc3 Nbd7 4. g4 h6 5. h3 e5 6. Nge2 Be7 7. Bg2 O-O 8. Be3 c6 9. Qd2 exd4 10. Nxd4 Ne5 11. Qe2 b5 12. f4 Nc4 13. Nxc6 Qc7 14. e5 Bb7 15. Nxb5 Qxc6 16. Bxc6 Bxc6 17. Qxc4 Bxh1 18. exf6 Bxf6 19. O-O-O a6 20. Nxd6 Bf3 21. Rf1 Bg2 22. Rg1 Bxh3 23. g5 hxg5 24. fxg5 Be5 25. Nxf7 Bxb2+ 26. Kxb2 Rab8+ 27. Ka1 Rfc8 28. Nh6+ Kh7 29. Qd3+ g6 30. Qd7+ Kh8 31. Bd4# 1-0


[Site "https://www.chess.com"]

[Event "Titled Tuesday Blitz May 16 Early 2023"]
[White "Kriti Mayur Patel"]
[Black "Fiorito, Joaquin"]
[WhiteFideId "35061780"]
[BlackFideId "180173"]
[WhiteElo "1306"]
[BlackElo "2157"]
[Result "0-1"]
[Round "01"]
[TimeControl "180+2"]
[Date "2023.05.16"]
[WhiteClock "0:02:37"]
[BlackClock "0:02:20"]

1. e4 c6 2. d4 d5 3. exd5 cxd5 4. Bd3 Nc6 5. c3 Nf6 6. Bf4 Bg4 7. f3 Bh5 8. Ne2 e6 9. O-O Bd6 10. Bg3 O-O 11. Nd2 Bg6 12. Nb3 Bxd3 13. Qxd3 b6 14. f4 Ne7 15. Rae1 Ne4 16. Nd2 f5 17. Nf3 Qd7 18. Ne5 Bxe5 19. fxe5 b5 20. Nf4 Rab8 21. Bh4 Ng6 22. Qh3 Nxh4 23. Qxh4 g5 24. Qg3 Nxg3 0-1


[Site "https://www.chess.com"]

[Event "Titled Tuesday Blitz May 16 Early 2023"]
[White "Kleiman, Jake"]
[Black "Hartikainen, Jarmo"]
[WhiteFideId "2020041"]
[BlackFideId "503134"]
[WhiteElo "2548"]
[BlackElo "2093"]
[Result "1-0"]
[Round "01"]
[TimeControl "180+2"]
[Date "2023.05.16"]
[WhiteClock "0:01:16"]
[BlackClock "0:00:14"]

1. e4 c5 2. c3 d5 3. exd5 Qxd5 4. d4 cxd4 5. cxd4 Nc6 6. Nf3 Bg4 7. Nc3 Bxf3 8. gxf3 Qxd4 9. Qxd4 Nxd4 10. Nb5 Nc2+ 11. Kd1 Nxa1 12. Nc7+ Kd8 13. Nxa8 g6 14. Be3 Bh6 15. Bxa7 Nf6 16. Bb5 Nd5 17. Nb6 Nxb6 18. Bxb6+ Kc8 19. Ba4 Bf4 20. Ke2 h5 21. h3 1-0


[Site "https://www.chess.com"]

[Event "Titled Tuesday Blitz May 16 Early 2023"]
[White "Cramling Bellon, Anna"]
[Black "Demin, Vladimir"]
[WhiteFideId "32009232"]
[BlackFideId "4167457"]
[WhiteElo "1976"]
[BlackElo "2548"]
[Result "1/2-1/2"]
[Round "01"]
[TimeControl "180+2"]
[Date "2023.05.16"]
[WhiteClock "0:00:03"]
[BlackClock "0:00:05"]

1. d4 d5 2. c4 e6 3. Nc3 c5 4. e3 Nf6 5. cxd5 exd5 6. Nf3 Nc6 7. Be2 cxd4 8. Nxd4 Bd6 9. O-O O-O 10. a3 Be5 11. Nf3 Bb8 12. b4 Qd6 13. Nb5 Qe7 14. Bb2 Rd8 15. Nbd4 Ne5 16. Rc1 Bg4 17. h3 Nxf3+ 18. Nxf3 Bxf3 19. Bxf3 Ne4 20. Qd4 f6 21. Bxe4 dxe4 22. Qc4+ Kh8 23. Rfd1 Be5 24. Bxe5 Qxe5 25. Rxd8+ Rxd8 26. Qc8 Qd5 27. Qg4 f5 28. Qg5 h6 29. Qe7 Qd7 30. Rc7 Qxe7 31. Rxe7 Rd3 32. a4 Ra3 33. a5 Ra1+ 34. Kh2 b6 35. axb6 axb6 36. Rb7 Ra2 37. Kg3 g5 38. Rxb6 Kg7 39. f3 exf3 40. Kxf3 Rb2 41. g3 Rb3 42. b5 h5 43. Rb7+ Kf6 44. b6 Rb2 45. e4 Rb3+ 46. Kf2 fxe4 47. Rh7 Kg6 48. Rb7 Rf3+ 49. Ke2 Rxg3 50. Rb8 Rb3 51. b7 Kg7 52. Kf2 g4 53. hxg4 hxg4 54. Ke2 g3 55. Re8 Rxb7 56. Rxe4 Rf7 57. Rg4+ Kh6 58. Rxg3 Kh5 59. Rh3+ Kg4 60. Re3 Ra7 61. Kd3 Kf4 62. Re1 Kf3 63. Kd4 Rd7+ 64. Kc5 Kf2 65. Re6 Rd8 66. Kc6 Rd1 67. Rd6 Rc1+ 68. Kd7 Ke3 69. Ke7 Kf4 70. Ke6 Ra1 71. Rd4+ Ke3 72. Rd6 Ke4 73. Kf6 Ra5 74. Re6+ Kf4 75. Rd6 Rf5+ 76. Ke6 Rh5 77. Kd7 Ke5 78. Re6+ Kd5 79. Rg6 Rh7+ 80. Ke8 Ke5 81. Ra6 Rb7 82. Kd8 Kd5 83. Ke8 Kc5 84. Kf8 Rc7 85. Rg6 Kd5 86. Rh6 Ke5 87. Rg6 Kf5 88. Ra6 Rb7 89. Rc6 Ra7 90. Rb6 Kg5 91. Rc6 Rb7 92. Ra6 Rc7 93. Rb6 Kf5 94. Ra6 Rc8+ 95. Ke7 Rh8 96. Ra5+ Kg6 97. Ra6+ Kg7 98. Kd7 Kf7 99. Kc6 Rh2 100. Kb5 Ke7 101. Ra7+ Kd6 102. Rg7 Rb2+ 103. Kc4 Rf2 104. Rg6+ Ke5 105. Rg5+ Kf6 106. Rh5 Rf4+ 107. Kc5 Rg4 108. Kb5 1/2-1/2


[Site "https://www.chess.com"]

[Event "Titled Tuesday Blitz May 16 Early 2023"]
[White "Loiacono, Antonio"]
[Black "Vargas Rodriguez, Wilver"]
[WhiteFideId "895415"]
[BlackFideId "3509672"]
[WhiteElo "2257"]
[BlackElo "2246"]
[Result "1-0"]
[Round "01"]
[TimeControl "180+2"]
[Date "2023.05.16"]
[WhiteClock "0:01:39"]
[BlackClock "0:00:00"]

1. e4 c5 2. Nf3 d6 3. d4 cxd4 4. Nxd4 Nf6 5. Nc3 a6 6. Be3 e5 7. Nb3 Be7 8. h3 h5 9. Rg1 Be6 10. Qf3 Qc8 11. O-O-O Nc6 12. Kb1 b5 13. Nd5 Bxd5 14. exd5 Nb4 15. c3 e4 16. Qe2 Nbxd5 17. g4 hxg4 18. hxg4 Qe6 19. Nd4 Qd7 20. g5 Nh5 21. Bc1 Ndf4 22. Qxe4 d5 23. Qf3 O-O 24. Bxf4 1-0


[Site "https://www.chess.com"]

[Event "Titled Tuesday Blitz May 16 Early 2023"]
[White "Torres Dominguez, David"]
[Black "Danielyan, Vahe"]
[WhiteFideId "2220857"]
[BlackFideId "13304828"]
[WhiteElo "1999"]
[BlackElo "2423"]
[Result "0-1"]
[Round "01"]
[TimeControl "180+2"]
[Date "2023.05.16"]
[WhiteClock "0:00:58"]
[BlackClock "0:02:07"]

1. e4 d5 2. exd5 Qxd5 3. Nc3 Qe5+ 4. Be2 Bg4 5. f3 Bh5 6. d4 Qd6 7. Nh3 Nf6 8. O-O Nc6 9. Be3 O-O-O 10. Nb5 Qd7 11. c3 a6 12. Na3 e5 13. Nc2 exd4 14. Nxd4 Nd5 15. Bf2 Bc5 16. Kh1 Rhe8 17. Bc4 Ne3 18. Bxe3 Rxe3 19. Nxc6 Qxc6 20. Qb3 Rxf3 21. Rxf3 Bxf3 22. Nf4 Rd2 23. Bxf7 Bxg2+ 0-1


[Site "https://www.chess.com"]

[Event "Titled Tuesday Blitz May 16 Early 2023"]
[White "egorchess95"]
[Black "Joubert, Dantelle"]
[BlackFideId "14310813"]
[WhiteElo "2545"]
[BlackElo "1507"]
[Result "1-0"]
[Round "01"]
[TimeControl "180+2"]
[Date "2023.05.16"]
[WhiteClock "0:00:59"]
[BlackClock "0:00:22"]

1. e4 c5 2. Nf3 d6 3. d4 cxd4 4. Qxd4 Nf6 5. Nc3 Nc6 6. Bb5 Bd7 7. Bxc6 Bxc6 8. Bg5 e6 9. O-O-O Be7 10. Qd3 Qa5 11. Kb1 O-O-O 12. Rhe1 h6 13. Be3 d5 14. e5 Ne4 15. Bd4 Bb4 16. Re2 Nxc3+ 17. Bxc3 Bb5 18. Bxb4 Qxb4 19. Qd2 Qg4 20. Re3 g5 21. Nd4 Ba6 22. f3 Qh5 23. Qb4 Rd7 24. Rc3+ Kb8 25. h3 Qg6 26. Nb3 Bc4 27. Rxc4 dxc4 28. Rxd7 1-0


[Site "https://www.chess.com"]

[Event "Titled Tuesday Blitz May 16 Early 2023"]
[White "Maranhao,Jose Renato Ruiz"]
[Black "Romkachess"]
[WhiteFideId "2135175"]
[WhiteElo "1970"]
[BlackElo "2544"]
[Result "0-1"]
[Round "01"]
[TimeControl "180+2"]
[Date "2023.05.16"]
[WhiteClock "0:00:00"]
[BlackClock "0:02:05"]

1. e4 c5 2. Nf3 d6 3. d4 cxd4 4. Nxd4 Nf6 5. Nc3 a6 6. Bd3 e5 7. Nde2 Be7 8. O-O O-O 9. Be3 b5 10. f3 Bb7 11. Ng3 Re8 12. a4 b4 13. Nd5 Nxd5 14. exd5 g6 15. a5 Nd7 16. b3 Bg5 17. Bxg5 Qxg5 18. Ne4 Qe7 19. Bc4 f5 20. Nf2 Nc5 21. Qd2 e4 22. fxe4 fxe4 23. Qxb4 e3 24. Nd3 Ne4 25. Rae1 Rab8 26. Nf4 Nd2 0-1


[Site "https://www.chess.com"]

[Event "Titled Tuesday Blitz May 16 Early 2023"]
[White "Moksh Amit Doshi"]
[Black "White, John S."]
[WhiteFideId "25064967"]
[BlackFideId "2502348"]
[WhiteElo "2297"]
[BlackElo "2022"]
[Result "1-0"]
[Round "01"]
[TimeControl "180+2"]
[Date "2023.05.16"]
[WhiteClock "0:00:35"]
[BlackClock "0:00:33"]

1. e4 e6 2. d4 d5 3. Nc3 Bb4 4. e5 c5 5. a3 Bxc3+ 6. bxc3 Ne7 7. Qg4 O-O 8. Bd3 Ng6 9. h4 f5 10. exf6 Qxf6 11. Qg3 cxd4 12. Ne2 Nc6 13. Bg5 Qf7 14. cxd4 e5 15. h5 Nf4 16. Bxf4 exf4 17. Qf3 Be6 18. Rh4 Qf6 19. Rxf4 Qg5 20. Rxf8+ Rxf8 21. Bxh7+ Kxh7 22. Qxf8 Qxg2 23. O-O-O Qg5+ 24. Qf4 Qxh5 25. Ng3 Qg6 26. Qf8 Qg5+ 27. Kb2 Kg6 28. Rg1 Qf6 29. Ne4+ Kf5 30. Nxf6 1-0


[Site "https://www.chess.com"]

[Event "Titled Tuesday Blitz May 16 Early 2023"]
[White "Kuznetsov, Mikhail"]
[Black "Castillo Pena, Patricia Evarista"]
[WhiteFideId "4117190"]
[BlackFideId "6412106"]
[WhiteElo "1981"]
[BlackElo "1919"]
[Result "1-0"]
[Round "01"]
[TimeControl "180+2"]
[Date "2023.05.16"]
[WhiteClock "0:02:07"]
[BlackClock "0:00:24"]

1. Nf3 d5 2. g3 Nf6 3. Bg2 c6 4. O-O e6 5. d3 Nbd7 6. Nbd2 e5 7. e4 dxe4 8. dxe4 Bc5 9. Qe2 O-O 10. h3 Qe7 11. Rd1 Rd8 12. Nc4 b5 13. Ncxe5 Nxe5 14. Rxd8+ Qxd8 15. Nxe5 Bb7 16. Nd3 Bb6 17. Be3 Bxe3 18. Qxe3 Qb6 19. Nc5 Rb8 20. Rd1 h6 21. b4 Rd8 22. Rxd8+ 1-0


[Site "https://www.chess.com"]

[Event "Titled Tuesday Blitz May 16 Early 2023"]
[White "Vargas, Mauricio"]
[Black "Dixit, Nikhil"]
[WhiteFideId "4404572"]
[BlackFideId "5059534"]
[WhiteElo "1986"]
[BlackElo "2207"]
[Result "0-1"]
[Round "01"]
[TimeControl "180+2"]
[Date "2023.05.16"]
[WhiteClock "0:00:00"]
[BlackClock "0:00:47"]

1. e4 c5 2. f4 g6 3. Nf3 Bg7 4. Nc3 Nc6 5. Bb5 Nd4 6. O-O Nxb5 7. Nxb5 a6 8. Nc3 b5 9. Nd5 e6 10. Ne3 Ne7 11. d3 f5 12. Qe1 O-O 13. c3 Bb7 14. exf5 Nxf5 15. Ng4 Bxf3 16. Rxf3 b4 17. Bd2 bxc3 18. bxc3 Rb8 19. Ne5 Rb2 20. g4 Nh4 21. Rh3 Bxe5 22. Rxh4 Rxd2 23. fxe5 Rff2 24. Rh3 Rfe2 25. Qf1 Qg5 0-1


[Site "https://www.chess.com"]

[Event "Titled Tuesday Blitz May 16 Early 2023"]
[White "Horak, Martin"]
[Black "stratacticos"]
[WhiteFideId "367095"]
[WhiteElo "2091"]
[BlackElo "1869"]
[Result "1-0"]
[Round "01"]
[TimeControl "180+2"]
[Date "2023.05.16"]
[WhiteClock "0:00:06"]
[BlackClock "0:00:00"]

1. e4 c5 2. Nf3 Nc6 3. d4 cxd4 4. Nxd4 e5 5. Nb5 d6 6. c4 f5 7. exf5 Bxf5 8. Bd3 Be6 9. O-O Nf6 10. N1c3 a6 11. Na3 Be7 12. Nc2 O-O 13. b3 Rc8 14. Qe2 Qd7 15. Ne4 Nxe4 16. Bxe4 Bf5 17. Rd1 Bxe4 18. Qxe4 Qf5 19. Qxf5 Rxf5 20. Ne3 Rf7 21. Nd5 Bd8 22. Be3 Ne7 23. Nc3 Nf5 24. Ne4 Be7 25. Rd3 Bf8 26. Rad1 h5 27. f3 Nxe3 28. Rxe3 b5 29. cxb5 axb5 30. Red3 Rc2 31. R1d2 Rxd2 32. Rxd2 Rd7 33. Rd5 Kf7 34. Rxb5 d5 35. Nc5 Rc7 36. Nd3 e4 37. fxe4 dxe4 38. Ne5+ Ke6 39. Nc4 Ra7 40. a4 Rd7 41. Kf2 Rd3 42. Re5+ Kf6 43. Rxe4 Rxb3 44. Rf4+ Ke7 45. a5 g5 46. Re4+ Kf6 47. Ke2 Rb4 48. Kd3 Bc5 49. Kc2 Ra4 50. Kb3 1-0


[Site "https://www.chess.com"]

[Event "Titled Tuesday Blitz May 16 Early 2023"]
[White "Sanchez, Robert"]
[Black "Bagwe Gaurang"]
[WhiteFideId "2034360"]
[BlackFideId "45039895"]
[WhiteElo "1842"]
[BlackElo "1847"]
[Result "0-1"]
[Round "01"]
[TimeControl "180+2"]
[Date "2023.05.16"]
[WhiteClock "0:00:09"]
[BlackClock "0:00:06"]

1. e4 e5 2. Nf3 Nc6 3. Bb5 a6 4. Ba4 Nf6 5. O-O b5 6. Bb3 Be7 7. d3 O-O 8. c3 d6 9. Re1 Na5 10. Bc2 c5 11. Nbd2 Qc7 12. Nf1 Nc6 13. Ng3 h6 14. h3 Nh7 15. Be3 Bd7 16. Rc1 Rac8 17. d4 Kh8 18. Qd2 Na5 19. b3 Nc6 20. Nh5 b4 21. dxc5 dxc5 22. Bd3 a5 23. Qe2 Qd6 24. Ba6 Rcd8 25. Red1 Qg6 26. Ng3 bxc3 27. Rxc3 Nd4 28. Bxd4 exd4 29. Rcc1 Bd6 30. e5 Be7 31. Bd3 Qb6 32. Qe4 g6 33. Qf4 Ng5 34. h4 Nxf3+ 35. gxf3 Kg7 36. h5 Bg5 37. Qe4 Bxc1 38. Rxc1 Qc6 39. Qe2 Qd5 40. f4 Qe6 41. f5 gxf5 42. Nxf5+ Kh8 43. Qe4 Rg8+ 44. Ng3 Rg7 45. Rxc5 Rdg8 46. Qxd4 Qh3 47. e6 Bxe6 48. Bf1 Qg4 49. Qf6 Qxh5 50. Rxh5 0-1


[Site "https://www.chess.com"]

[Event "Titled Tuesday Blitz May 16 Early 2023"]
[White "Viasus, Juan Diego"]
[Black "Dushyant Sharma"]
[WhiteFideId "4464346"]
[BlackFideId "25065130"]
[WhiteElo "1249"]
[BlackElo "2198"]
[Result "0-1"]
[Round "01"]
[TimeControl "180+2"]
[Date "2023.05.16"]
[WhiteClock "0:01:51"]
[BlackClock "0:01:59"]

1. d4 d5 2. Bf4 e6 3. e3 Bd6 4. Bg3 Nf6 5. Nf3 O-O 6. Nbd2 Ne4 7. Nxe4 dxe4 8. Ne5 Nd7 9. c3 Qe7 10. Qc2 f5 11. Be2 Nxe5 12. dxe5 Bc5 13. b4 Bb6 14. O-O Bd7 15. f4 Bxe3+ 16. Kh1 a5 17. a3 axb4 18. axb4 h6 19. Qb3 Kh7 20. c4 Bd4 21. Rfd1 Rxa1 0-1


[Site "https://www.chess.com"]

[Event "Titled Tuesday Blitz May 16 Early 2023"]
[White "Nakamura, Hikaru"]
[Black "Kvaloy, Aksel Bu"]
[WhiteFideId "2016192"]
[BlackFideId "1528815"]
[WhiteElo "2885"]
[BlackElo "2242"]
[Result "1-0"]
[Round "02"]
[TimeControl "180+2"]
[Date "2023.05.16"]
[WhiteClock "0:01:46"]
[BlackClock "0:01:14"]

1. Nf3 d5 2. e3 Nf6 3. c4 e6 4. Nc3 c5 5. cxd5 exd5 6. d4 Nc6 7. Bb5 a6 8. Bxc6+ bxc6 9. O-O cxd4 10. exd4 Be7 11. Ne5 Bd7 12. Bg5 O-O 13. Na4 h6 14. Bxf6 Bxf6 15. Nxd7 Qxd7 16. Nb6 Qa7 17. Nxa8 Rxa8 18. Rc1 Rb8 19. b3 Qb6 20. Qc2 Rc8 21. Qf5 Rc7 22. Rfe1 Kf8 23. Qh7 g6 24. Qxh6+ Bg7 25. Qh4 Rc8 26. Qe7+ Kg8 27. Qd7 Rf8 28. Qxc6 Qxd4 29. Red1 Qb2 30. Rc2 Qe5 31. Qxd5 Qe7 32. g3 Re8 33. Qf3 a5 34. Rcd2 Qe6 35. Rd3 a4 36. Re3 Qc8 37. Rxe8+ Qxe8 38. Qd3 axb3 39. Qd8 Kf8 40. axb3 1-0


[Site "https://www.chess.com"]

[Event "Titled Tuesday Blitz May 16 Early 2023"]
[White "Girya, Olga"]
[Black "Nihal Sarin"]
[WhiteFideId "4195752"]
[BlackFideId "25092340"]
[WhiteElo "2263"]
[BlackElo "2689"]
[Result "0-1"]
[Round "02"]
[TimeControl "180+2"]
[Date "2023.05.16"]
[WhiteClock "0:00:00"]
[BlackClock "0:01:18"]

1. d4 Nf6 2. Nf3 d5 3. c4 e6 4. Nc3 Be7 5. Bf4 O-O 6. e3 Nbd7 7. Bd3 dxc4 8. Bxc4 a6 9. a4 c5 10. O-O cxd4 11. exd4 Nb6 12. Bb3 Nbd5 13. Be5 b6 14. Rc1 Bb7 15. Re1 Rc8 16. h3 h6 17. Qd3 Nb4 18. Qe2 Nfd5 19. Ne4 Rxc1 20. Rxc1 Nc6 21. Bg3 Qd7 22. Nc3 Nf6 23. Ne5 Nxe5 24. dxe5 Nd5 25. Nxd5 Bxd5 26. Bxd5 Qxd5 27. Qxa6 Bc5 28. b4 Qd2 29. Rc4 Qe1+ 30. Kh2 Bxf2 31. Bxf2 Qxf2 32. Qb5 Rd8 33. Re4 Rd2 34. Qe8+ Kh7 35. Rg4 h5 36. Rg3 h4 37. Rg4 Rd3 0-1


[Site "https://www.chess.com"]

[Event "Titled Tuesday Blitz May 16 Early 2023"]
[White "Firouzja, Alireza"]
[Black "Martinez Ramirez, Lennis"]
[WhiteFideId "12573981"]
[BlackFideId "3509079"]
[WhiteElo "2904"]
[BlackElo "2410"]
[Result "1-0"]
[Round "02"]
[TimeControl "180+2"]
[Date "2023.05.16"]
[WhiteClock "0:00:40"]
[BlackClock "0:00:11"]

1. d4 d5 2. c4 e6 3. Nc3 Nf6 4. cxd5 exd5 5. Bg5 Be7 6. e3 h6 7. Bh4 O-O 8. Bd3 Re8 9. Nge2 c6 10. O-O Nh5 11. Bxe7 Qxe7 12. Qd2 Nd7 13. Rae1 Nb6 14. b3 Qg5 15. Nf4 Bf5 16. h4 Nxf4 17. hxg5 Nxd3 18. Rd1 hxg5 19. f3 Nb4 20. e4 dxe4 21. fxe4 Bxe4 22. Nxe4 N4d5 23. Nd6 Re6 24. Nxf7 Ne3 25. Nxg5 Nxf1 26. Qd3 Rh6 27. Rxf1 1-0


[Site "https://www.chess.com"]

[Event "Titled Tuesday Blitz May 16 Early 2023"]
[White "Batchuluun, Tsegmed"]
[Black "Dubov, Daniil"]
[WhiteFideId "4900847"]
[BlackFideId "24126055"]
[WhiteElo "2386"]
[BlackElo "2793"]
[Result "0-1"]
[Round "02"]
[TimeControl "180+2"]
[Date "2023.05.16"]
[WhiteClock "0:00:00"]
[BlackClock "0:00:29"]

1. d4 Nf6 2. c4 e6 3. Nf3 d5 4. g3 Be7 5. Bg2 O-O 6. O-O dxc4 7. Qc2 b5 8. a4 b4 9. Nfd2 Nd5 10. Nxc4 c5 11. dxc5 Ba6 12. Nbd2 Bxc5 13. Nb3 Nd7 14. Nxc5 Nxc5 15. Ne3 Rc8 16. Nxd5 exd5 17. Qd1 Re8 18. Re1 d4 19. Bd2 Qa5 20. b3 Ne4 21. Bxe4 Rxe4 22. f3 Re6 23. Rc1 Rce8 24. Bf4 g5 25. Bc7 Qd5 26. e4 Qd7 27. Qd2 h6 28. Qxb4 d3 29. Ba5 g4 30. fxg4 Re5 31. Qd2 Qd4+ 32. Qf2 Qxf2+ 33. Kxf2 Rxa5 34. Ke3 Rae5 35. Kd2 Rxe4 36. Rxe4 Rxe4 37. Rc6 Re2+ 38. Kd1 Bb7 39. Rxh6 Bf3 40. Rf6 Bd5 41. Rd6 Bxb3+ 42. Kc1 Rc2+ 43. Kb1 Rxh2 0-1


[Site "https://www.chess.com"]